 Dungeon Crawl Stone Soup version 0.29.1-15-g9cfb28693d (webtiles) character file.

Game seed: 11272033437117487458

59 sentinel the Digger (level 4, 0/33 HPs)
             Began as a Meteoran Earth Elementalist on Aug 20, 2023.
             Slain by a gnoll
             ... wielding a +0 halberd
              (15 damage)
             ... on level 2 of the Dungeon.
             The game lasted 00:02:32 (423 turns).

sentinel the Digger (Meteoran Earth Elementalist)    Turns: 423, Time: 00:02:32

Health: 0/33       AC:  2    Str: 10    XL:     4   Next: 46%
Magic:  5/9        EV: 12    Int: 18    God:
Gold:   0          SH:  3    Dex: 14    Spells: 3/9 levels left

rFire   . . .      SeeInvis .   (no weapon)
rCold   . . .      Faith    .   c - +0 buckler
rNeg    . . .      Spirit   .   a - +0 robe
rPois   .          Reflect  .   (no helmet)
rElec   .          Harm     .   (no cloak)
rCorr   .          Rampage  .   (no gloves)
Will    .....                   (no boots)
Stlth   +.........              (no amulet)
HPRegen 0.11/turn               (no ring)
MPRegen 0.11/turn               (no ring)

@: very slightly contaminated, glowing
A: sense surroundings 1, otherworldly, glowing, explore regen
a: no special abilities


You were on level 2 of the Dungeon.
You visited 1 branch of the dungeon, and saw 2 of its levels.

Inventory:

Armour
 a - a +0 robe (worn)
 c - a +0 buckler (worn)
Wands
 V - a wand of flame (20)
Scrolls
 d - a scroll of noise {unknown}
 f - a scroll of poison {unknown}
Potions
 b - a potion of magic
 e - a potion of heal wounds {unknown}


   Skills:
 - Level 2.4 Dodging
 - Level 1.4 Stealth
 + Level 3.1 Spellcasting
 * Level 2.0 Conjurations
 - Level 1.2 Transmutations
 + Level 5.0 Earth Magic


You had 3 spell levels left.
You knew the following spells:

 Your Spells              Type           Power      Damage    Failure   Level
a - Sandblast             Erth           40%        2d10      2%          1
h - Stone Arrow           Conj/Erth      30%        3d8       16%         3
j - Passwall              Tmut/Erth      11%        N/A       10%         2

Your spell library contained the following spells:

 Spells                   Type           Power      Damage    Failure   Level
 Beastly Appendage        Tmut           14%        N/A       13%         1
 Wereblood                Tmut           7%         N/A       21%         2
 Spider Form              Tmut/Pois      5%         N/A       45%         3
 Tukima's Dance           Hex            2%         N/A       54%         3
 Petrify                  Tmut/Erth      14%        N/A       52%         4
 Passage of Golubria      Tloc           2%         N/A       91%         4
 Yara's Violent Unravell  Hex/Tmut       2%         3d3       99%         5


Dungeon Overview and Level Annotations

Branches:
Dungeon (2/15) Zot: 754

Altars:

Annotations:
D:2 Terence


Innate Abilities, Weirdness & Mutations

You passively map a small area around you.
You are easily found by Zot.
You glow in the dark.
You regain HP and MP as you explore.


Message History

You can't see any susceptible monsters within range! (Use Z to cast anyway.)
You can't see any susceptible monsters within range! (Use Z to cast anyway.)
You can't see any susceptible monsters within range! (Use Z to cast anyway.)
The blast of sand hits the worm!
The worm is heavily wounded.
The blast of sand hits the worm!
You kill the worm!
You can't see any susceptible monsters within range! (Use Z to cast anyway.)
You can't see any susceptible monsters within range! (Use Z to cast anyway.)
You see here a worm corpse.
Magic restored.
Casting: Sandblast (safe; 3% risk of failure)
Confirm with . or Enter, or press ? or * to list all spells.
Aiming: Passwall (safe; 10% risk of failure)
Press: ? - help, Dir - move target A rock wall.
You begin to meditate on the wall.
You continue meditating on the rock. x3
You finish merging with the rock.
The blast of sand hits the frilled lizard!
You kill the frilled lizard!
You can't see any susceptible monsters within range! (Use Z to cast anyway.) Magic restored.
Magic restored.
Casting: Sandblast (safe; 3% risk of failure)
Confirm with . or Enter, or press ? or * to list all spells.
Aiming: Passwall (safe; 10% risk of failure)
Press: ? - help, Dir - move target A rock wall.
You begin to meditate on the wall.
You continue meditating on the rock. x3
You finish merging with the rock.
Found a scroll labelled LAHEEKL TOMYOTH and a whip.
f - a scroll labelled LAHEEKL TOMYOTH You see here a +0 whip.
An adder comes into view.
The adder hisses angrily.
The adder bites you but does no damage.
An adder is nearby!
The blast of sand hits the adder!
The adder is severely wounded.
The adder bites you but does no damage. The adder bites you.
You are poisoned.
The adder poisons you!
The blast of sand hits the adder.
The adder is almost dead.
You feel very sick. The adder bites you.
You are more poisoned.
The adder poisons you! The adder bites you.
You are lethally poisoned!
The adder poisons you!
The blast of sand hits the adder!
You kill the adder!
You feel very sick.
Your Spellcasting skill increases to level 3!
You have reached level 4!
You feel sick.
You see here an adder corpse.
You feel sick.
You feel sick.
Magic restored.
You feel sick.
You feel sick.
You feel sick.
You feel sick.
You feel sick.
You are no longer poisoned.
Magic restored.
Found 16 gold pieces.
Casting: Sandblast (safe; 3% risk of failure)
Confirm with . or Enter, or press ? or * to list all spells.
Aiming: Passwall (safe; 10% risk of failure)
Press: ? - help, Dir - move target A rock wall.
This rock feels extremely deep.
Casting: Passwall (safe; 10% risk of failure)
Confirm with . or Enter, or press ? or * to list all spells.
Aiming: Passwall (safe; 10% risk of failure)
Press: ? - help, Dir - move target A rock wall.
Okay, then.
Casting: Passwall (safe; 10% risk of failure)
Confirm with . or Enter, or press ? or * to list all spells.
Aiming: Passwall (safe; 10% risk of failure)
Press: ? - help, Dir - move target A rock wall.
You miscast Passwall.
You are very lightly contaminated with residual magic.
Nothing appears to happen.
Casting: Passwall (safe; 10% risk of failure)
Confirm with . or Enter, or press ? or * to list all spells.
Aiming: Passwall (safe; 10% risk of failure)
Press: ? - help, Dir - move target A rock wall.
You begin to meditate on the wall.
You continue meditating on the rock. x3
You finish merging with the rock.
Your magical contamination has completely faded away.
Magic restored.
A bat comes into view.
A bat is nearby!
You miscast Sandblast.
You are very lightly contaminated with residual magic.
Nothing appears to happen.
The bat closely misses you.
The blast of sand hits the bat!
You kill the bat!
Your magical contamination has completely faded away.
Casting: Sandblast (safe; 3% risk of failure)
Confirm with . or Enter, or press ? or * to list all spells.
Aiming: Passwall (safe; 10% risk of failure)
Press: ? - help, Dir - move target A rock wall.
You begin to meditate on the wall.
You continue meditating on the rock. x3
You finish merging with the rock.
A hobgoblin comes into view.
The hobgoblin shouts!
You hear a shout! x2
A ball python comes into view.
There are monsters nearby!
There are monsters nearby!
The blast of sand hits the hobgoblin!
You kill the hobgoblin!
The blast of sand hits the ball python!
You kill the ball python!
A gnoll comes into view. It is wielding a +0 spear.
You can't see any susceptible monsters within range! (Use Z to cast anyway.)
The blast of sand hits the gnoll.
The gnoll is heavily wounded.
The blast of sand misses the gnoll.
The gnoll hits you but does no damage.
The blast of sand hits the gnoll!!
You kill the gnoll!
Your Conjurations skill increases to level 2!
Your Earth Magic skill increases to level 5!
You can't see any susceptible monsters within range! (Use Z to cast anyway.)
You see here a hobgoblin corpse.
You see here a +0 spear.
Found a whip and 6 atropa-tipped darts.
Found a stone staircase leading down.
Found a stone staircase leading down. 2 gnolls come into view.
The gnoll shouts!
The blast of sand hits the gnoll but does no damage.
The gnoll shouts!
The blast of sand hits the gnoll but does no damage.
You miscast Sandblast.
You are very lightly contaminated with residual magic.
Nothing appears to happen.
A gnoll comes into view. It is wielding a +0 whip.
The gnoll barely misses you.
The gnoll shouts!
The gnoll hits you with a +0 halberd! The gnoll hits you with a +0 mace.
The gnoll hits you from afar with a +0 halberd!
There is a stone staircase leading down here.
The gnoll hits you from afar with a +0 halberd!
You die...

* * *......... *..
...##..####
####.###...........
#.......# ##...<.
#.......# ######
#.#.g.#.# #######
#.#...#.# #.....#
#.#.g.#.# #.....#
#.@g>...# #.....#
#.##.##.# #.....#
#().....# #.....#
#.##.##.# ###.###
#. #.##.# #.#### #.
#....# #..... ##
####### #. ####)#
#.#### ,.,#.. ..#
#.#####†# #.####
#.#.# #.# #.......#
#.##..


You could see 3 gnolls.

Vanquished Creatures
  A gnoll (D:2)
  2 adders (D:2)
  A worm (D:2)
  A dart slug (D:1)
  3 endoplasms (D:2)
  4 hobgoblins
  3 jackals (D:2)
  2 kobolds (D:2)
  2 ball pythons
  A bat (D:2)
  5 frilled lizards
  3 rats (D:2)
28 creatures vanquished.

Vanquished Creatures (others)
  2 plants (D:2)
2 creatures vanquished.

Grand Total: 30 creatures vanquished

Notes
Turn   | Place    | Note
-------+----------+-------------------------------------------
     0 | D:1      | sentinel the Meteoran Earth Elementalist began the quest
                  | for the Orb.
     0 | D:1      | Reached XP level 1. HP: 14/14 MP: 5/5
    29 | D:1      | Reached skill level 4 in Earth Magic
    46 | D:1      | Reached XP level 2. HP: 20/20 MP: 3/6
    50 | D:1      | Learned a level 2 spell: Passwall
    78 | D:2      | Noticed Terence
   140 | D:2      | Reached XP level 3. HP: 26/26 MP: 4/8
   144 | D:2      | Learned a level 3 spell: Stone Arrow
   176 | D:2      | Reached skill level 1 in Conjurations
   328 | D:2      | Reached XP level 4. HP: 13/33 MP: 5/9
   410 | D:2      | Reached skill level 5 in Earth Magic
   423 | D:2      | Slain by a gnoll

Illustrated notes

Levels and vault maps discovered:
D:1:      minmay_arrival_nine_rooms, layout_basic, serial_shops,
          nicolae_shop_bloodbath_and_beyond, chequers_ecumenical_altar_twisty,
          amcnicky_mini_rare_corridor_liquid
D:2:      layout_loops_cross, serial_forest, infiniplex_forest_clump_C,
          infiniplex_forest_3_way, infiniplex_forest_lined_3_way,
          infiniplex_forest_clump_C, infiniplex_forest_lined_room_2,
          infiniplex_forest_clump_tiny, infiniplex_forest_straight_4,
          uniq_terence

Skill      XL: |  1  2  3  4 |
---------------+-------------+-----
Earth Magic    | 4 5 |  5.0
Conjurations   | 1 2 |  2.0
Spellcasting   | 3 |  3.1
Dodging        | |  2.4
Stealth        | |  1.4
Transmutations | |  1.2

Action                   |  1- 3 |  4- 6 || total
-------------------------+-------+-------++-------
Melee: Unarmed           |     1 |       ||     1
 Cast: Sandblast         |    35 |     8 ||    43
       Passwall          |     3 |     3 ||     6
Armor: Robe              |     2 |     1 ||     3
Dodge: Dodged            |     3 |     2 ||     5
